[Event "28th Hit Open-A 2024"]
[Site "Nova Gorica"]
[Date "2024.01.28"]
[Round "4.5"]
[White "Karacsonyi, Gellert"]
[Black "Skrbec, Leon"]
[Result "1/2-1/2"]
[ECO "D02"]
[WhiteElo "2398"]
[BlackElo "2218"]
[Annotator "TA"]
[PlyCount "120"]
[EventDate "2024.01.22"]
[EventType "swiss"]
[EventCountry "SLO"]
[SourceTitle "playchess.com"]
[Source "ChessBase"]
[SourceQuality "1"]
[TimeControl "5400+30"]

1. d4 Nf6 2. Nf3 e6 3. Bf4 c5 4. e3 Nc6 5. c3 d5 6. Nbd2 Bd6 7. Bg3 O-O 8. Bd3 b6 9. Qe2 {[%emt 0:00:14] D02: 1 d4 d5 2 Nf3 sidelines, including 2...Nf6 3 g3 and 2...Nf6 3 Bf4.} Bb7 10. e4 dxe4 11. Nxe4 Nxe4 12. Qxe4 g6 13. Rd1 Na5 $146 ({Predecessor:} 13... Bxg3 14. hxg3 c4 15. Bc2 Qe7 16. Qe3 f6 17. O-O Rae8 18. Rfe1 Nd8 19. d5 Nf7 20. dxe6 {1-0 Parramon Ros,F (2005)-Burset Camps,G (1570) Girona Tardor op 4th 2020 (2)}) 14. Qe2 cxd4 15. Be4 $1 Bxg3 16. hxg3 Qf6 17. Bxb7 (17. cxd4 Bxe4 18. Qxe4 Nc4 $18) 17... Nxb7 18. Ne5 Rad8 (18... dxc3 19. Nd7 Qe7 20. Nxf8 cxb2 21. Qxb2 (21. Nxh7 $2 Qb4+ 22. Qd2 b1=Q $19) 21... Rxf8 22. O-O $14) 19. cxd4 Nd6 20. g4 Qf4 21. f3 f5 22. O-O Nf7 (22... fxg4 {with more complications.} 23. Nc6 Rde8 24. fxg4 Qe4) 23. Nc6 Rd6 24. Nxa7 Rxd4 25. Qxe6 Rfd8 26. Rde1 {[%emt 0:02:19] [#]} (26. Rxd4 $11 Qxd4+ 27. Kh1 Qxb2 28. gxf5) 26... Rd2 (26... R4d6 $1 $17 27. Qb3 Rd2) 27. gxf5 (27. Qxb6 Ng5 $17) 27... Qg5 28. Rf2 (28. Qxb6 $2 Qxg2#) 28... Rxf2 29. Kxf2 Rd2+ 30. Re2 Qh4+ 31. g3 Qh2+ 32. Ke1 Rxe2+ 33. Qxe2 Qxg3+ (33... Qxe2+ 34. Kxe2 Nd6 35. fxg6 $18) 34. Kf1 Qh3+ 35. Kf2 Qxf5 36. Nb5 h5 37. Nd4 Qc5 38. Qe8+ Kg7 39. Qe3 Qd5 40. Ne6+ Kf6 41. Nf4 Qd6 42. Kg2 Ne5 43. Qxb6 Qxb6 44. Nd5+ Ke6 45. Nxb6 Kd6 (45... Nd3 46. Nc4) 46. Kg3 g5 47. Na4 Nd3 48. b3 h4+ 49. Kg2 ({Don't go for} 49. Kg4 $2 Nf2+ 50. Kxg5 h3 $19) 49... Ne1+ 50. Kf2 Nd3+ 51. Kg2 Ne1+ 52. Kf2 Nd3+ 53. Ke3 h3 54. Nc3 $1 (54. Kxd3 $2 {loses.} h2 55. Ke3 h1=Q $19 (55... h1=R 56. Nc3 $11)) 54... h2 55. Ne4+ Kd5 (55... Ke5 $5 56. Ng3 $8 Nf4 $11) 56. Ng3 $1 Nc1 57. Kf2 Nxa2 58. Kg2 Nc1 59. b4 Nd3 60. Kxh2 Ne1 1/2-1/2

[Event "28th Hit Open-A 2024"]
[Site "Nova Gorica"]
[Date "2024.01.28"]
[Round "4.6"]
[White "Bodrogi, Bendeguz"]
[Black "Kulkarni Bhakti"]
[Result "1/2-1/2"]
[ECO "D02"]
[WhiteElo "2261"]
[BlackElo "2364"]
[Annotator "RC"]
[PlyCount "209"]
[EventDate "2024.01.22"]
[EventType "swiss"]
[EventCountry "SLO"]
[SourceTitle "playchess.com"]
[Source "ChessBase"]
[SourceQuality "1"]
[TimeControl "5400+30"]

1. Nf3 d5 2. g3 Nc6 3. d4 Bf5 4. Bg2 Nb4 5. Na3 e6 6. O-O Nc6 7. Nb1 Nb4 8. Na3 Nc6 9. Nb1 Be7 10. c4 Nf6 11. Nc3 dxc4 12. Ne5 O-O 13. e4 Bg6 14. Nxg6 hxg6 15. e5 Nd5 16. Nxd5 exd5 17. b3 cxb3 18. axb3 Qd7 19. Be3 Nb4 20. f4 Rfc8 21. Rc1 a5 22. g4 a4 23. f5 Ra6 24. bxa4 Qxa4 25. Qf3 Qe8 26. Bd2 g5 27. e6 Na2 28. exf7+ Qxf7 29. Qb3 Nxc1 30. Qxb7 Ne2+ 31. Kh1 Ng3+ 32. hxg3 Rh6+ 33. Kg1 Rd8 34. Qxc7 Ra6 35. Re1 Bf6 36. Qc5 Ra4 37. Be3 Rc4 38. Qb6 Re8 39. Qb5 Rd8 40. Qb6 Qe7 41. Qa5 Qd6 42. Bf2 Bxd4 43. Bxd4 Rxd4 44. Re6 Qb8 45. f6 Rf8 46. fxg7 Kxg7 47. Qa1 Qb4 48. Qc1 Rxg4 49. Qc7+ Rf7 50. Qe5+ Kh7 51. Kh2 Qd4 52. Qd6 Qd3 53. Re7 Qg6 54. Rxf7+ Qxf7 55. Bxd5 Qf2+ 56. Bg2 Rd4 57. Qe7+ Kh6 58. Qe6+ Kg7 59. Qe7+ Kg6 60. Qe6+ Qf6 61. Qxf6+ Kxf6 62. Bf3 Ke5 63. Kg2 g4 64. Bc6 Rd6 65. Bb7 Rd2+ 66. Kg1 Rc2 67. Ba8 Kd4 68. Bb7 Ke3 69. Ba8 Rf2 70. Bc6 Rf6 71. Bb7 Ke2 72. Kg2 Rf2+ 73. Kg1 Ke3 74. Bc6 Rc2 75. Bb7 Kd4 76. Ba8 Rc7 77. Kf2 Ke5 78. Kg1 Kd4 79. Kg2 Ra7 80. Bc6 Kc5 81. Be4 Ra4 82. Bb7 Kd4 83. Bc6 Ra7 84. Kg1 Rc7 85. Ba8 Ke3 86. Bd5 Rd7 87. Bc6 Rf7 88. Bd5 Rf3 89. Kg2 Ke2 90. Bc6 Rf2+ 91. Kg1 Ke3 92. Bb7 Rb2 93. Bc6 Ke2 94. Kg2 Rc2 95. Bb7 Ke3+ 96. Kg1 Rc5 97. Kg2 Ra5 98. Bc6 Ra7 99. Bd5 Kd4 100. Bc6 Re7 101. Ba8 Kc5 102. Kg1 Re8 103. Bb7 Rb8 104. Be4 Kd4 105. Bc6 1/2-1/2

[Event "28th Hit Open-A 2024"]
[Site "Nova Gorica"]
[Date "2024.01.28"]
[Round "4.7"]
[White "Goroshkov, Maksym"]
[Black "Zupancic, Urban"]
[Result "1-0"]
[ECO "B20"]
[WhiteElo "2338"]
[BlackElo "2025"]
[Annotator "RC"]
[PlyCount "107"]
[EventDate "2024.01.22"]
[EventType "swiss"]
[EventCountry "SLO"]
[SourceTitle "playchess.com"]
[Source "ChessBase"]
[SourceQuality "1"]
[TimeControl "5400+30"]

1. e4 c5 2. b4 cxb4 3. a3 bxa3 4. Bxa3 d6 5. d4 Nf6 6. Nd2 g6 7. Ngf3 Bg7 8. Bd3 O-O 9. O-O Qc7 10. c3 Rd8 11. Qb3 h6 12. Rfc1 e5 13. Bb5 Be6 14. Qb1 a6 15. Bb4 Bd7 16. Bxd6 Qxd6 17. dxe5 Qc7 18. exf6 Bxf6 19. Bc4 Kg7 20. e5 Bg5 21. Nxg5 hxg5 22. Qa2 Bf5 23. Nf3 Nc6 24. e6 f6 25. Re1 Bg4 26. Bd5 Bxf3 27. Bxf3 Ne5 28. Qe2 Rh8 29. h3 Rae8 30. Reb1 b6 31. Rxa6 Rxe6 32. Bd5 Rd6 33. c4 g4 34. Rba1 Rd7 35. hxg4 Re7 36. g3 Rd8 37. g5 fxg5 38. Ra7 Qd6 39. Rxe7+ Qxe7 40. Re1 Re8 41. Qb2 g4 42. Kg2 Qf6 43. Qd4 Re7 44. Rb1 Nd7 45. Qxg4 Qe5 46. Qf3 Qd4 47. Rd1 Qb2 48. Rh1 Qe5 49. Qa3 Nf6 50. Bf3 Re8 51. Qa7+ Re7 52. Qxb6 Ne4 53. Re1 Qc3 54. Rxe4 1-0

[Event "28th Hit Open-A 2024"]
[Site "Nova Gorica"]
[Date "2024.01.28"]
[Round "4.8"]
[White "Marchesich, Giovanni"]
[Black "Furlan, Miha"]
[Result "1/2-1/2"]
[ECO "C16"]
[WhiteElo "2210"]
[BlackElo "2287"]
[Annotator "NA RC"]
[PlyCount "31"]
[EventDate "2024.01.22"]
[EventType "swiss"]
[EventCountry "SLO"]
[SourceTitle "playchess.com"]
[Source "ChessBase"]
[SourceQuality "1"]
[TimeControl "5400+30"]

1. e4 e6 2. d4 d5 3. Nc3 Bb4 4. e5 Qd7 5. h4 b6 6. h5 Bf8 7. f4 Ba6 8. Bxa6 Nxa6 9. Qe2 Nb8 10. Nf3 c5 11. g4 Nc6 12. Be3 cxd4 13. Nxd4 Nxd4 14. Bxd4 Bb4 15. O-O Bxc3 16. Bxc3 1/2-1/2

[Event "28th Hit Open-A 2024"]
[Site "Nova Gorica"]
[Date "2024.01.28"]
[Round "4.9"]
[White "Davies, Nigel R"]
[Black "Ashwath, R.."]
[Result "1/2-1/2"]
[ECO "D38"]
[WhiteElo "2349"]
[BlackElo "2284"]
[Annotator "TA"]
[PlyCount "28"]
[EventDate "2024.01.22"]
[EventType "swiss"]
[EventCountry "SLO"]
[SourceTitle "playchess.com"]
[Source "ChessBase"]
[SourceQuality "1"]
[TimeControl "5400+30"]

1. Nf3 d5 2. d4 Nf6 3. c4 e6 4. Nc3 Bb4 5. cxd5 exd5 6. Qa4+ Nc6 7. Bg5 h6 8. Bxf6 Qxf6 9. e3 O-O 10. Be2 Be6 11. O-O a6 12. Rfc1 Bd6 {[%emt 0:04:48] The position is equal.} 13. Qd1 Ne7 14. Na4 b6 {[%emt 0:04:51] Not much happened in this game.   Weighted Error Value: White=0.05 (flawless) /Black=0.00 (flawless) .  OK:         	White=1     	---} 1/2-1/2

[Event "28th Hit Open-A 2024"]
[Site "Nova Gorica"]
[Date "2024.01.28"]
[Round "4.10"]
[White "Lavrencic, Matic"]
[Black "Dorokhina, Elizaveta"]
[Result "1-0"]
[ECO "C10"]
[WhiteElo "2299"]
[BlackElo "1994"]
[Annotator "RC"]
[PlyCount "145"]
[EventDate "2024.01.22"]
[EventType "swiss"]
[EventCountry "SLO"]
[SourceTitle "playchess.com"]
[Source "ChessBase"]
[SourceQuality "1"]
[TimeControl "5400+30"]

1. e4 e6 2. d4 d5 3. Nc3 dxe4 4. Nxe4 Nd7 5. Nf3 Ngf6 6. Nxf6+ Nxf6 7. c3 c5 8. Bd3 cxd4 9. Nxd4 Bc5 10. O-O O-O 11. Bg5 h6 12. Bh4 Bxd4 13. cxd4 Bd7 14. Bc2 Bc6 15. f3 Rc8 16. Rf2 Bb5 17. Qd2 Ba6 18. Rd1 Rc7 19. Bb1 Rd7 20. Bg3 Nd5 21. Qc2 g6 22. Re1 Ne7 23. Qc1 Kh7 24. Bf4 Ng8 25. Be3 Qa5 26. Bd2 Qc7 27. Bc3 Rc8 28. Qc2 Bc4 29. h4 Bd5 30. h5 Ne7 31. Qe2 Qf4 32. Bd2 Qh4 33. hxg6+ Nxg6 34. Qe3 Kg7 35. Rff1 Rh8 36. Rc1 Qg3 37. Qf2 Qxf2+ 38. Kxf2 h5 39. Rh1 Kf6 40. Rh2 h4 41. Ke3 Rdd8 42. Rch1 Rc8 43. b3 Rcg8 44. Be1 Ke7 45. Bb4+ Kd7 46. Kf2 Rh5 47. Ke3 Rg5 48. Bd2 Ne7 49. Kf2 R5g7 50. Bh6 Rg3 51. Bf4 R3g7 52. Be5 Rg5 53. Bf6 Rh5 54. Rxh4 Rxh4 55. Rxh4 Rc8 56. Rh7 Rf8 57. Bg7 Rc8 58. Bh6 f5 59. Bg5 Re8 60. Ke3 Kd6 61. Bxe7+ Rxe7 62. Rxe7 Kxe7 63. Kf4 Kd6 64. Bd3 a5 65. Bb5 b6 66. g4 fxg4 67. fxg4 Ke7 68. Ke5 Bf3 69. g5 Bg4 70. Bd3 Kf7 71. Kd6 Bd1 72. Kc6 a4 73. bxa4 1-0

[Event "28th Hit Open-A 2024"]
[Site "Nova Gorica"]
[Date "2024.01.28"]
[Round "4.11"]
[White "Pirs, Matjaz"]
[Black "Herega, Nejc"]
[Result "1-0"]
[ECO "B51"]
[WhiteElo "1965"]
[BlackElo "2257"]
[Annotator "TA"]
[PlyCount "53"]
[EventDate "2024.01.22"]
[EventType "swiss"]
[EventCountry "SLO"]
[SourceTitle "playchess.com"]
[Source "ChessBase"]
[SourceQuality "1"]
[TimeControl "5400+30"]

1. e4 c5 2. Nf3 d6 3. Bb5+ Nd7 4. O-O Ngf6 5. Re1 e6 6. c3 a6 7. Bf1 b5 8. a4 Bb7 9. d3 {[%emt 0:18:30][%cal Bd2d3,Bd3c4][%mdl 32] The position is equal.} Be7 10. h3 O-O 11. Bf4 Bc6 12. a5 e5 13. Bh2 {[%emt 0:02:28] [#]} c4 14. dxc4 $11 Nxe4 15. Nfd2 Ng5 16. f4 {[%emt 0:03:49] [#]} (16. cxb5 $14 {keeps the upper hand.} axb5 17. b4) 16... exf4 $1 $17 17. Bxf4 Ne5 18. Na3 Ne6 19. Be3 Bh4 (19... Qxa5 20. Nxb5 Qd8 21. Nd4 $11) 20. Re2 Nd3 (20... Qxa5 21. Nxb5 $11) (20... Qf6 $1 $15) 21. Nb3 Ndf4 {[%emt 0:01:06] White must now prevent ...b4.} 22. Rd2 Qf6 (22... Bg5 $1 $11 23. Bf2 bxc4 24. Nxc4 (24. Rxd6 Qc7 $15) 24... Qf6) 23. Nd4 ({Stronger than} 23. Rxd6 Rad8 24. Rd2 (24. cxb5 $2 Nxh3+ 25. gxh3 Bf3 $19) 24... Bg5 $19) 23... Nxd4 (23... Be4 $1 $11) 24. Bxd4 (24. Rxd4 $16 Ne6 25. cxb5 axb5 26. Bxb5 (26. Rxd6 Rad8 $16) 26... Bxb5 27. Nxb5 Nxd4 28. Bxd4) 24... Qg5 $11 25. Qg4 {[%emt 0:00:24] aiming for Be3.} Nxh3+ $2 26. gxh3 $18 Qxd2 (26... bxc4 $18 27. Nxc4 Qxg4+ 28. hxg4 Be7) 27. Qxg7# {[%emt 0:00:06] Weighted Error Value: White=0.25 (precise) /Black=0.66.  Loses game:     	---       	Black=1      Mistake:       	White=2     	Black=5      Inaccurate:     	White=2     	Black=2      OK:         	White=6     	Black=7      Best:        	White=1     	Black=1      Strong:       	---       	Black=1} 1-0

[Event "28th Hit Open-A 2024"]
[Site "Nova Gorica"]
[Date "2024.01.28"]
[Round "4.12"]
[White "Perossa, Nicolas"]
[Black "Privitera, Franco"]
[Result "1-0"]
[ECO "C18"]
[WhiteElo "2277"]
[BlackElo "1919"]
[Annotator "TA"]
[PlyCount "81"]
[EventDate "2024.01.22"]
[EventType "swiss"]
[EventCountry "SLO"]
[SourceTitle "playchess.com"]
[Source "ChessBase"]
[SourceQuality "1"]
[TimeControl "5400+30"]

1. e4 e6 2. d4 d5 3. Nc3 Bb4 4. e5 c5 5. a3 Ba5 6. b4 cxd4 7. Qg4 Ne7 8. bxa5 dxc3 9. Qxg7 Rg8 10. Qxh7 Nbc6 11. Nf3 Qc7 12. Bf4 Bd7 13. a6 $1 {[%emt 0:01:07] Droht axb7 und aus.} b6 14. Bg3 O-O-O 15. Bd3 {[%emt 0:02:20][%cal Oh7h4] Weiß steht besser.} (15. Qxf7 Nf5 16. Be2 Rdf8 $17) 15... Rdf8 16. Qh6 d4 (16... Na5 $16 {kämpft weiter.}) 17. Qf4 (17. O-O $18) 17... f6 $16 18. exf6 (18. Nxd4 Nd5 (18... fxe5 19. Qh4 $11) 19. Qh4 (19. Qe4 $2 f5 $19) 19... Nxe5 $16) 18... Qxf4 19. Bxf4 Rxf6 20. Bg3 Nd5 (20... Be8 $16 {ist wohl besser.}) 21. Be4 $2 {[%emt 0:14:30] Das Läuferpaar ist gut.} (21. O-O-O $18) 21... Nf4 (21... Rg4 $11 22. Bd3 Nf4 23. Bxf4 Rgxf4) 22. O-O-O e5 (22... Nxg2 $2 23. Nxd4 e5 24. Bxc6 Rxc6 25. Nxc6 Bxc6 26. Bxe5 $18) 23. Bxf4 Rxf4 24. Bd5 (24. Rhe1 $1 $16) 24... Rd8 25. Rhe1 Kc7 26. Re4 (26. Nxe5 Nxe5 (26... Rxf2 27. Bf3 $16) 27. Rxe5 Rxf2 $14) (26. h4 $16) 26... Rf5 (26... Rff8 $11 {kam in Betracht.}) 27. Rde1 (27. Rh4 $1 $16) 27... Kd6 $2 (27... Rh8 $11) 28. Bxc6 $18 Bxc6 29. Rxe5 Rxe5 (29... Rf4 {war nötig.}) 30. Nxe5 {[%emt 0:00:02][%mdl 4096] Endspiel. KRB-KRN} Bd5 {[%emt 0:01:04][%cal Od8h8] [#] Es drohte Nf7+} 31. f4 (31. g3 $1 $18) 31... Rh8 $16 32. h3 Be6 $2 (32... b5 $16 {war einen Versuch wert.}) 33. Nf3 $18 Bd5 34. Nxd4 {[%emt 0:01:27] Droht stark Nb5+.} Bxg2 {[%emt 0:00:14] [#]} 35. Rg1 $2 (35. Nb5+ $1 $18 Kc6 36. Nxa7+ Kc5 37. Re5+ Bd5 38. Re3) 35... Rxh3 $1 $11 36. Nb5+ (36. Rxg2 $2 Rh1+) (36. Nf5+ Kc5 $17) 36... Ke6 $2 (36... Kc5 $11 {und Schwarz muss sich keine Sorgen machen.} 37. Nxa7 Re3) 37. Kb1 (37. Rxg2 $2 Rh1+) (37. f5+ Kxf5 38. Nxa7 (38. Rxg2 $2 Rh1+) 38... Be4 $18) 37... Be4 (37... Bd5 38. Re1+ (38. Nxa7 Bc4 $14) 38... Kf7 39. Nxa7 Bc4) 38. Re1 $18 ({Jedoch nicht} 38. Nxa7 Rh5 39. Re1 Kf5) 38... Kd5 39. Nc7+ $2 ({Vorzuziehen ist} 39. Nxa7 $18 {Und Nb5 würde nun gewinnen.} Rh2 40. Nb5 Bxc2+ (40... Rxc2 $2 {verliert.} 41. Rxe4 Rh2 42. a7 $18) 41. Ka1) 39... Kd4 $11 40. Ne6+ Kd5 41. Nc7+ {[%emt 0:00:37][%mdl 32768] Gewichteter Fehlerwert: Weiß=0.54/Schwarz=0.54.  Verlustzug:     	---       	Schwarz=2     Gewinn verpasst:   	Weiß=3     	---        Fehler:       	Weiß=5     	Schwarz=7     Ungenau:       	Weiß=1     	Schwarz=1     OK:         	Weiß=12    	Schwarz=10    Bester:       	Weiß=2     	Schwarz=4     Stark:        	---       	Schwarz=1    . Zeitüberschreitung!?} (41. Ng5 $5 Rh1 $8 42. Rxh1 Bxh1 43. f5 $11) 1-0

[Event "28th Hit Open-A 2024"]
[Site "Nova Gorica"]
[Date "2024.01.28"]
[Round "4.13"]
[White "Plaskan, Jure"]
[Black "Capaliku, Aleks"]
[Result "1-0"]
[ECO "C65"]
[WhiteElo "2262"]
[BlackElo "1913"]
[Annotator "RC"]
[PlyCount "97"]
[EventDate "2024.01.22"]
[EventType "swiss"]
[EventCountry "SLO"]
[SourceTitle "playchess.com"]
[Source "ChessBase"]
[SourceQuality "1"]
[TimeControl "5400+30"]

1. e4 e5 2. Nf3 Nc6 3. Bb5 Nf6 4. d3 Bc5 5. Bxc6 dxc6 6. O-O Qe7 7. Nbd2 b5 8. c3 Bg4 9. Qc2 O-O 10. h3 Bh5 11. Nh4 Rad8 12. Nb3 Bb6 13. Bg5 c5 14. Nf5 Qe6 15. c4 Bg6 16. Ne3 c6 17. Rad1 Rc8 18. g4 Nd7 19. Nc1 f6 20. Bh4 Bf7 21. Ne2 g5 22. Bg3 h5 23. Kg2 h4 24. Bh2 Rfd8 25. cxb5 cxb5 26. Nc3 c4 27. Nf5 cxd3 28. Qxd3 Nc5 29. Qf3 Bg6 30. Nd5 Bxf5 31. gxf5 Qf7 32. Rg1 Rd6 33. b4 Na6 34. Qb3 Kg7 35. Kh1 Rc4 36. Qf3 Bd4 37. a3 Kh6 38. Ne3 Rcc6 39. Ng4+ Kg7 40. Rxd4 exd4 41. Bxd6 Rxd6 42. e5 Qd5 43. Qxd5 Rxd5 44. exf6+ Kf7 45. Re1 d3 46. Re7+ Kf8 47. Ne5 d2 48. Ng6+ Kg8 49. Rg7# 1-0

[Event "28th Hit Open-A 2024"]
[Site "Nova Gorica"]
[Date "2024.01.28"]
[Round "4.14"]
[White "Djuric, Stefan"]
[Black "Veselic, Maks"]
[Result "1-0"]
[ECO "B14"]
[WhiteElo "2220"]
[BlackElo "1874"]
[Annotator "TA"]
[PlyCount "101"]
[EventDate "2024.01.22"]
[EventType "swiss"]
[EventCountry "SLO"]
[SourceTitle "playchess.com"]
[Source "ChessBase"]
[SourceQuality "1"]
[TimeControl "5400+30"]

1. c4 Nf6 2. Nc3 e6 3. Nf3 d5 4. d4 Bb4 5. e3 O-O 6. Bd3 dxc4 7. Bxc4 c5 8. O-O cxd4 9. exd4 Nc6 10. Bg5 Be7 11. Re1 Nd5 12. Bxd5 Bxg5 13. Bxc6 bxc6 {[%emt 0:00:06] White is slightly better.} 14. Nxg5 Qxg5 15. Ne4 Qd5 16. Qd3 (16. b3 $14) 16... e5 17. Ng5 e4 $1 18. Nxe4 (18. Qxe4 $2 {loses.} Qxg5 19. Qxc6 Be6 $19) 18... Bf5 19. Qf3 Bg6 20. Nc3 Qxd4 21. Qxc6 Rab8 22. Rad1 Qg4 23. h3 Qg5 24. Rd5 Qf4 25. Qc5 {[%emt 0:04:56] White is more active.} Rfc8 (25... Rfe8 $16 {was called for.} 26. Rxe8+ Rxe8) 26. Qxa7 $18 Rxb2 {[%emt 0:01:20][%cal Oh7h6] [#]} 27. Rde5 $1 {[%emt 0:00:14] Intending Re8+ and mate.} f6 28. Nd5 Qc4 29. Ne7+ Kh8 30. Re6 $40 {[%emt 0:08:19][%mdl 128] White has strong attack.} Rd8 {[%emt 0:11:26][%mdl 8192] This costs Black the game.} (30... Rcb8 $16 {is tougher.}) 31. a4 (31. Nxg6+ $142 hxg6 32. R1e4 Qc1+ 33. Kh2) 31... Bf7 {[%emt 0:01:58] [#]} 32. Nf5 $1 {[%emt 0:00:27][%cal Oe6e8,Be7f5,Bf5e3,Be3d5][%mdl 32] Re8+! would kill now.} Rb1 33. Rxb1 (33. Qxf7 $2 {perishes.} Rxe1+ 34. Kh2 Qf4+ (34... Rxe6 35. Qxg7#) 35. Ng3 Qxf2 36. Rxe1 Qxe1 $19) 33... Qxe6 34. Ne3 Bg6 35. Qc7 Re8 (35... Qc8 $16 36. Qxc8 Rxc8) 36. Rb7 Qg8 (36... Rg8 {was necessary.} 37. a5 h5) 37. a5 Ra8 {[%emt 0:00:31] [#]} 38. Nd5 $1 Be4 (38... Bd3 39. Qd6) 39. Ne7 Qf8 40. Rb4 Bd3 41. Nc6 Rc8 42. Rb8 Ba6 43. Qb6 {[%emt 0:01:36][%cal Ob6a6] Black is weak on the dark squares} Qe8 $2 (43... Bd3 44. Qb7 Bf5 45. Rxc8 Qxc8) 44. Rxc8 (44. Qxa6 $142 Rxb8 45. Nxb8) 44... Bxc8 45. a6 {[%emt 0:00:28] White is clearly winning.} Bxa6 46. Qxa6 h6 47. Qb6 Qe1+ 48. Kh2 {[%emt 0:00:05] And now Qd8+ would win.} Qe4 49. Qc7 Qc2 50. Qd8+ Kh7 51. Ne7 {[%emt 0:00:00] Weighted Error Value: White=0.27 (precise) /Black=0.35.  Loses game:     	---       	Black=1      Mistake:       	White=3     	Black=4      Inaccurate:     	White=2     	Black=2      OK:         	White=18    	Black=8      Best:        	White=4     	Black=4      Strong:       	White=2     	Black=1} 1-0

[Event "28th Hit Open-A 2024"]
[Site "Nova Gorica"]
[Date "2024.01.28"]
[Round "4.15"]
[White "Budai, Leonardo"]
[Black "Garsky, Vladyslav"]
[Result "1-0"]
[ECO "C55"]
[WhiteElo "1847"]
[BlackElo "2186"]
[Annotator "RC"]
[PlyCount "125"]
[EventDate "2024.01.22"]
[EventType "swiss"]
[EventCountry "SLO"]
[SourceTitle "playchess.com"]
[Source "ChessBase"]
[SourceQuality "1"]
[TimeControl "5400+30"]

1. e4 e5 2. Nf3 Nc6 3. Bc4 Nf6 4. d3 h6 5. Nc3 d6 6. d4 Bg4 7. d5 Nd4 8. Be3 Nxf3+ 9. gxf3 Bd7 10. Qd2 Nh5 11. O-O-O a6 12. Ne2 Bh3 13. Rhg1 g5 14. Ng3 Ng7 15. Bf1 Qd7 16. Qb4 b6 17. Qc3 Bxf1 18. Rdxf1 f6 19. Rh1 Be7 20. h4 Kf7 21. Qd3 gxh4 22. Nf5 Nxf5 23. exf5 Qa4 24. Kb1 Rag8 25. b3 Qd7 26. Rxh4 Rh7 27. Rh5 b5 28. Rfh1 Bf8 29. Kb2 c6 30. Qe4 c5 31. R1h4 Qc7 32. Bxh6 Bxh6 33. Rxh6 Rhg7 34. Rg4 Rxg4 35. fxg4 Rg7 36. Qe2 Qa5 37. c3 Qb6 38. Rh4 a5 39. Qe3 Qb7 40. Qd3 c4 41. Qe3 Kg8 42. Qd2 Qb6 43. Qe3 Qc7 44. f3 b4 45. Rh6 Rf7 46. Rg6+ Kf8 47. Qh6+ Ke7 48. Qe3 cxb3 49. axb3 Rh7 50. c4 Rh2+ 51. Kc1 Rh1+ 52. Kd2 Rh2+ 53. Kd1 Rh1+ 54. Ke2 Rh2+ 55. Ke1 Qc5 56. Rg7+ Ke8 57. Qxc5 dxc5 58. Ra7 Ra2 59. d6 a4 60. Rxa4 Rb2 61. g5 Rxb3 62. g6 Rxf3 63. Ra8+ 1-0

[Event "28th Hit Open-A 2024"]
[Site "Nova Gorica"]
[Date "2024.01.28"]
[Round "4.16"]
[White "Jalovec, Igor"]
[Black "Siraj, Svit"]
[Result "1/2-1/2"]
[ECO "C52"]
[WhiteElo "1703"]
[BlackElo "2182"]
[Annotator "RC"]
[PlyCount "121"]
[EventDate "2024.01.22"]
[EventType "swiss"]
[EventCountry "SLO"]
[SourceTitle "playchess.com"]
[Source "ChessBase"]
[SourceQuality "1"]
[TimeControl "5400+30"]

1. e4 e5 2. Nf3 Nc6 3. Bc4 Bc5 4. b4 Bxb4 5. c3 Ba5 6. d4 exd4 7. Qb3 Qe7 8. O-O d6 9. cxd4 Bb6 10. e5 Nxd4 11. Nxd4 Bxd4 12. exd6 Qf6 13. Re1+ Kf8 14. Be3 Bxa1 15. d7 Bxd7 16. Bc5+ Ne7 17. Bxe7+ Qxe7 18. Rxe7 Kxe7 19. Qb4+ Kf6 20. Nc3 Bxc3 21. Qxc3+ Ke7 22. Qe5+ Be6 23. Bxe6 fxe6 24. Qxc7+ Kf6 25. Qxb7 Rhb8 26. Qe4 h6 27. g3 Rd8 28. Qf4+ Ke7 29. Kg2 Rd6 30. Qe5 Rg8 31. Qc5 a6 32. Qc7+ Rd7 33. Qc6 Rd6 34. Qc7+ Rd7 35. Qe5 Rd6 36. g4 Kd7 37. h4 Rd5 38. Qb2 Kc7 39. Qa3 Rd6 40. Qc5+ Rc6 41. Qe7+ Kb6 42. Qf7 Rcc8 43. Qxe6+ Kb7 44. Qf7+ Kb6 45. Kg3 Rc3+ 46. f3 Rcc8 47. g5 hxg5 48. hxg5 g6 49. Qe6+ Kb7 50. a4 Rb8 51. a5 Ka7 52. Kg4 Rb4+ 53. Kg3 Rg7 54. Qd6 Rbb7 55. Kg4 Rg8 56. f4 Rgg7 57. Qc5+ Ka8 58. f5 gxf5+ 59. Qxf5 Rb4+ 60. Kh5 Rxg5+ 61. Kxg5 1/2-1/2

[Event "28th Hit Open-A 2024"]
[Site "Nova Gorica"]
[Date "2024.01.28"]
[Round "4.17"]
[White "Ceschia, Ivano"]
[Black "Zlatanovic, Srdjan"]
[Result "1-0"]
[ECO "B28"]
[WhiteElo "2183"]
[BlackElo "1675"]
[Annotator "NA RC"]
[PlyCount "59"]
[EventDate "2024.01.22"]
[EventType "swiss"]
[EventCountry "SLO"]
[SourceTitle "playchess.com"]
[Source "ChessBase"]
[SourceQuality "1"]
[TimeControl "5400+30"]

1. e4 c5 2. Nf3 a6 3. d4 cxd4 4. Qxd4 Nc6 5. Qe3 d6 6. h3 Qc7 7. c4 g6 8. Be2 Bg7 9. O-O Nf6 10. Nc3 Nd7 11. b3 Nde5 12. Nxe5 Bxe5 13. Bb2 Qa5 14. Rfd1 g5 15. Rd5 Qb4 16. Rxe5 dxe5 17. Nd5 Qd6 18. c5 Qb8 19. Qxg5 Be6 20. Nb6 Ra7 21. Bg4 h6 22. Qg7 Rf8 23. Bxe6 fxe6 24. Rd1 Nd4 25. Bxd4 exd4 26. Qg6+ Rf7 27. Qxe6 Qc7 28. Rxd4 Qc6 29. Rd6 Qxc5 30. Rd8+ 1-0